 Dungeon Crawl Stone Soup version 0.18.1-5-g4a78601 (webtiles) character file.

4150 imganon the Severer (level 10, -8/77 HPs)
             Began as a Hill Orc Berserker on May 13, 2016.
             Was a High Priest of Trog.
             Mangled by an orc warrior
             ... wielding a +0 glaive
              (14 damage)
             ... on level 9 of the Dungeon.
             The game lasted 00:10:04 (6866 turns).

imganon the Severer (Hill Orc Berserker)            Turns: 6866, Time: 00:10:05

Health: -8/77      AC: 15    Str: 29    XL:     10   Next: 27%
Magic:  10/10      EV:  8    Int: 12    God:    Trog [*****.]
Gold:   426        SH:  0    Dex: 12    Spells: 0 memorised, 9 levels left

rFire  + . .     SeeInvis .     p - +1 hand axe (flame)
rCold  . . .     Gourm    .     D - +0 plate armour
rNeg   . . .     Faith    .     (no shield)
rPois  +         Spirit   .     Q - +0 helmet
rElec  .         Dismiss  .     z - +1 cloak
rCorr  .         Reflect  .     (no gloves)
SustAt .         Harm     .     h - +0 pair of boots
MR     ++...                    (no amulet)
Stlth  ..........               (no ring)
                                e - ring of flight

@: mighty, brilliant, exhausted, regenerating, slowed, very slow, very resistant
to hostile enchantments, extremely unstealthy
A: agile 1, fire resistance 1, poison resistance
a: Berserk, Trog's Hand, Brothers in Arms, Burn Spellbooks, Renounce Religion,
Evoke Flight


You were on level 9 of the Dungeon.
You worshipped Trog.
Trog was extremely pleased with you.
You were hungry.

You visited 1 branch of the dungeon, and saw 9 of its levels.

You collected 426 gold pieces.

Inventory:

Hand Weapons
 a - a +0 hand axe
 p - a +1 hand axe of flaming (weapon)
Armour
 h - a +0 pair of boots (worn)
 z - a +1 cloak (worn)
 D - a +0 plate armour (worn)
 Q - a +0 helmet (worn)
Rods
 K - a +0 rod of clouds (10/10)
   (You found it on level 6 of the Dungeon)
Jewellery
 e - a ring of flight (left hand)
 C - an uncursed amulet of guardian spirit {unknown}
 E - an uncursed ring of protection from fire {unknown}
 F - an uncursed ring of magical power {unknown}
 P - a cursed amulet of inaccuracy {unknown}
Wands
 B - a wand of paralysis (10/24)
 H - a wand of polymorph (6/24)
 I - a wand of lightning (8/15)
 N - a wand of flame (26/48)
Scrolls
 b - 2 scrolls of teleportation {unknown}
 d - 5 scrolls of random uselessness {unknown}
 j - 3 scrolls of magic mapping {unknown}
 m - 2 scrolls of noise {unknown}
 n - 2 scrolls of enchant weapon {unknown}
 r - a scroll of fog {unknown}
 t - 7 scrolls of identify {unknown}
 u - 3 scrolls of blinking {unknown}
 y - 5 scrolls of remove curse {unknown}
 J - a scroll of amnesia {unknown}
 L - a scroll of fear {unknown}
Potions
 f - 3 potions of mutation
 i - a potion of haste {unknown}
 o - a potion of resistance {unknown}
 q - a potion of lignification {unknown}
 s - a potion of might
 x - a potion of brilliance
 A - 2 potions of heal wounds {unknown}
 G - a potion of agility {unknown}
 O - a potion of curing {unknown}
Books
 k - a book of Debilitation

   Spells                             Type                      Level
   a - Corona                         Hexes                        1
   b - Slow                           Hexes                        2
   c - Gell's Gravitas                Hexes/Translocation          3
   d - Inner Flame                    Hexes/Fire                   3
   e - Cause Fear                     Hexes                        4
   f - Leda's Liquefaction            Hexes/Earth                  4
   Trog disapproves of the use of such an item.
 w - a book of Cantrips

   Spells                             Type                      Level
   a - Corona                         Hexes                        1
   b - Animate Skeleton               Necromancy                   1
   c - Summon Small Mammal            Summoning                    1
   d - Apportation                    Translocation                1
   Trog disapproves of the use of such an item.
Comestibles
 c - 6 bread rations
 g - 4 meat rations
 l - 2 royal jellies
 v - 2 beef jerkies


   Skills:
 - Level 3.6 Fighting
 + Level 17.8 Axes
 - Level 2.1 Armour
 - Level 1.5 Dodging


You had 9 spell levels left.
You didn't know any spells.

Dungeon Overview and Level Annotations

Branches:
Dungeon (9/15)             Temple (0/1) D:7            Lair (0/8) D:8
    Orc: D:9-12

Altars:
Elyvilon
Fedhas
Gozag
Makhleb
Okawaru
Qazlal
Sif Muna
Trog
Xom
Zin

Shops:
D:6 [


Innate Abilities, Weirdness & Mutations

You are agile. (Dex +2)
Your flesh is heat resistant.
Your system is resistant to poisons.


Message History

You can't drink that!
Unknown command.
Unknown command.
Drink which item? (? for menu, Esc to quit)
It was a potion of might.
You feel very mighty all of a sudden. The orc closely misses you.
The orc warrior completely misses you.
The orc wizard hits you but does no damage. x2
The orc barely misses you.
Drink which item? (? for menu, Esc to quit)
It was a potion of brilliance.
You feel clever all of a sudden. The orc warrior closely misses you.
The orc wizard hits you with a vampiric dagger.
* * * LOW HITPOINT WARNING * * *
The orc hits you with a mace of protection.
* * * LOW HITPOINT WARNING * * *
The orc wizard closely misses you.
The orc warrior hits you from afar with a glaive!
You die...

#.#>.#####....o#..######
..(....###.....#..#
#.##.##<####.###..#
#.....#.# #.# #o[#
#..#..#.# #.# #..#
...#..#.####.# #..#
...#......##.###o.#
.#.#.#.........#oo#
........#.##.#.#@.######
.#.#.####.##.#.#........
.#.#.# #.####.#.########
.#.#.# #.# #(#.........
.#.#.# #.. #.#.########
..#.# ### #.#.# ###.#
#.#.# ..# #.#.# ###
#######.#.######


You could see an orc warrior, 2 orc wizards and an orc.

Vanquished Creatures
  Pikel (D:7)
  A gargoyle (D:8)
  A hippogriff (D:9)
  Menkaure (D:6)
  A water moccasin (D:8)
  The ghost of lightmor the Magician, an amateur DEFE (D:3)
  Duvessa (D:7)
  2 orc warriors
  An ice beast (D:6)
  A black bear (D:7)
  A phantom (D:4)
  3 slaves (D:7)
  A sky beast (D:6)
  3 ogres
  4 centaurs
  2 giant frogs (D:6)
  Dowan (D:7)
  3 scorpions
  3 killer bees (D:8)
  3 howler monkeys
  2 crimson imps
  2 jellies
  A giant frog zombie (D:5)
  A centaur zombie (D:5)
  A hound (D:6)
  4 orc priests
  Crazy Yiuf (D:3)
  7 orc wizards
  A centaur skeleton (D:8)
  5 iguanas
  Natasha (twice) (D:4)
  5 worker ants
  6 gnolls
  6 adders
  A shadow imp (D:8)
  3 oozes
  4 adder skeletons
  A worm (D:3)
  A dart slug (D:1)
  2 giant geckos
  24 orcs
  3 ball pythons
  5 bats
  3 giant cockroaches
  7 goblins
  10 hobgoblins
  16 jackals
  5 quokkas
  A ball python skeleton (D:4)
  A giant gecko skeleton (D:4)
  3 giant newts
  3 kobolds
  3 rats
175 creatures vanquished.

Vanquished Creatures (others)
  A quokka (D:4)
1 creature vanquished.

Grand Total: 176 creatures vanquished

Notes
Turn   | Place    | Note
--------------------------------------------------------------
     0 | D:1      | imganon the Hill Orc Berserker began the quest for the Orb.
     0 | D:1      | Reached XP level 1. HP: 19/19 MP: 1/1
   367 | D:1      | Reached XP level 2. HP: 22/26 MP: 2/2
   522 | D:1      | Reached skill level 5 in Axes
   803 | D:2      | Found an opulent altar of Gozag.
   816 | D:2      | Reached XP level 3. HP: 25/31 MP: 3/3
  1072 | D:2      | Reached ** piety under Trog
  1102 | D:2      | Reached skill level 6 in Axes
  1154 | D:2      | Found a stormy altar of Qazlal.
  1207 | D:2      | Found an iron altar of Okawaru.
  1254 | D:2      | Reached XP level 4. HP: 35/39 MP: 4/4
  1464 | D:3      | Found a bloodstained altar of Trog.
  1569 | D:3      | Found a shimmering altar of Xom.
  1844 | D:3      | Reached skill level 7 in Axes
  1848 | D:3      | Reached XP level 5. HP: 35/45 MP: 5/5
  1922 | D:3      | Noticed Crazy Yiuf
  1934 | D:3      | Killed Crazy Yiuf
  2113 | D:3      | Noticed lightmor's ghost (amateur DEFE)
  2136 | D:3      | Killed lightmor's ghost
  2136 | D:3      | Reached skill level 8 in Axes
  2136 | D:3      | Reached XP level 6. HP: 28/51 MP: 6/6
  2426 | D:3      | Reached *** piety under Trog
  2572 | D:4      | Noticed a phantom
  2591 | D:4      | Killed a phantom
  2591 | D:4      | Reached skill level 9 in Axes
  2809 | D:4      | Reached skill level 10 in Axes
  2809 | D:4      | Reached XP level 7. HP: 42/57 MP: 7/7
  2850 | D:4      | Found a white marble altar of Elyvilon.
  2851 | D:4      | Noticed Natasha
  2855 | D:4      | Killed Natasha
  3117 | D:4      | Noticed Natasha
  3119 | D:4      | Found a glowing silver altar of Zin.
  3126 | D:4      | Killed Natasha
  3236 | D:4      | Reached skill level 11 in Axes
  3331 | D:5      | Entered Level 5 of the Dungeon
  3444 | D:5      | Reached XP level 8. HP: 61/64 MP: 8/8
  3511 | D:5      | Reached **** piety under Trog
  3572 | D:5      | Reached skill level 12 in Axes
  3816 | D:5      | Found a stormy altar of Qazlal.
  3943 | D:5      | Reached skill level 13 in Axes
  4084 | D:5      | Found a blossoming altar of Fedhas.
  4315 | D:6      | Found a burning altar of Makhleb.
  4383 | D:6      | Noticed Menkaure
  4388 | D:6      | Killed Menkaure
  4388 | D:6      | Reached skill level 14 in Axes
  4469 | D:6      | Found Jirud's Antique Armour Boutique.
  4518 | D:6      | Reached XP level 9. HP: 70/70 MP: 9/9
  4691 | D:6      | Found a deep blue altar of Sif Muna.
  5075 | D:7      | Reached skill level 15 in Axes
  5168 | D:7      | Found a staircase to the Ecumenical Temple.
  5263 | D:7      | Reached ***** piety under Trog
  5271 | D:7      | Noticed Pikel
  5293 | D:7      | Killed Pikel
  5293 | D:7      | Reached skill level 16 in Axes
  5469 | D:7      | Noticed Dowan
  5470 | D:7      | Noticed Duvessa
  5479 | D:7      | Killed Duvessa
  5482 | D:7      | Killed Dowan
  5720 | D:8      | Found a staircase to the Lair.
  5801 | D:8      | Noticed a gargoyle
  5816 | D:8      | Killed a gargoyle
  5816 | D:8      | Reached skill level 17 in Axes
  5816 | D:8      | Reached XP level 10. HP: 77/77 MP: 10/10
  6864 | D:9      | Gained mutation: You are agile. (Dex +2) [potion of mutation]
  6864 | D:9      | Gained mutation: Your flesh is heat resistant. [potion of mutation]
  6864 | D:9      | Gained mutation: Your system is resistant to poisons. [potion of mutation]
  6866 | D:9      | Mangled by an orc warrior

Skill      XL: |  1  2  3  4  5  6  7  8  9 |
---------------+----------------------------+-----
Axes           | 5 6 7 8 10 11 14 17 | 17.8
Fighting       | |  3.6
Armour         | |  2.1
Dodging        | |  1.5

Action                   |  1- 3 |  4- 6 |  7- 9 | 10-12 || total
-------------------------+-------+-------+-------+-------++-------
Melee: Hand axe          |    88 |   146 |   353 |   107 ||   694
Invok: Berserk           |     1 |     1 |     5 |     1 ||     8
       Burn Spellbooks   |       |       |     1 |       ||     1
       Trog's Hand       |       |       |       |     1 ||     1
  Use: Potion            |       |       |       |     3 ||     3
 Stab: Sleeping          |       |     1 |       |       ||     1
  Eat: Chunk             |     2 |     5 |     9 |     5 ||    21
       Pizza             |       |     1 |       |       ||     1
       Meat ration       |       |       |     1 |       ||     1
Armor: Animal skin       |    24 |    30 |     4 |       ||    58
       Plate armour      |       |       |   143 |    63 ||   206
Dodge: Dodged            |    65 |    61 |    83 |    46 ||   255
